 Dungeon Crawl Stone Soup version 0.31-a0-931-g7b59d4eb97 (webtiles) character file.

Game seed: 10234126838467000660

219 pokeman the Magician (level 5, -3/29 HPs)
             Began as a Deep Elf Hedge Wizard on Oct 19, 2023.
             Slain by a sleepcap (18 damage)
             ... on level 3 of the Dungeon.
             The game lasted 00:03:37 (3224 turns).

pokeman the Magician (Deep Elf Hedge Wizard)        Turns: 3224, Time: 00:03:38

Health: -3/29      AC:  2    Str:  7    XL:     5   Next: 64%
Magic:  14/15      EV:  2    Int: 21    God:
Gold:   115        SH:  0    Dex: 14    Spells: 8/16 levels left

rFire   . . .        n - +0 short sword (drain)
rCold   . . .        (no shield)
rNeg    . . .        b - +0 robe
rPois   .            c - +0 hat
rElec   .            (no cloak)
rCorr   .            (no gloves)
SInv    .            (no boots)
Will    .....        (no amulet)
Stlth   ++           (no ring)
HPRegen 0.24/turn    (no ring)
MPRegen 0.14/turn

%: no passive effects
@: sleeping
A: no striking features
a: no special abilities


You were on level 3 of the Dungeon.
You visited 1 branch of the dungeon, and saw 3 of its levels.

You collected 115 gold pieces.

Inventory:

Hand Weapons
 n - a +0 short sword of draining (weapon)
Armour
 b - a +0 robe (worn)
 c - a +0 hat (worn)
Magical Staves
 a - a staff of conjuration
Scrolls
 e - a scroll of fear {unknown}
 f - 3 scrolls of identify {unknown}
 g - 2 scrolls of teleportation {unknown}
 l - a scroll of revelation {unknown}
 m - 2 scrolls of fog {unknown}
 o - a scroll of silence {unknown}
Potions
 d - 2 potions of magic
 h - a potion of mutation {unknown}
 i - a potion of enlightenment {unknown}
 j - 2 potions of heal wounds {unknown}
 k - a potion of haste {unknown}


   Skills:
 - Level 1.1 Fighting
 - Level 1.1 Armour
 - Level 3.1 Dodging
 - Level 3.2 Stealth
 * Level 6.4 Spellcasting
 + Level 2.8 Conjurations
 - Level 1.1 Summonings
 - Level 1.1 Translocations
 + Level 0.0 Air Magic
 + Level 0.4 Poison Magic
 + Level 0.2 Evocations


You had 8 spell levels left.
You knew the following spells:

 Your Spells              Type           Power      Damage    Failure   Level
a - Magic Dart            Conj           72%        1d6       3%          1
b - Mephitic Cloud        Conj/Pois/Air  11%        N/A       19%         3
c - Call Imp              Summ           22%        N/A       9%          2
d - Blink                 Tloc           22%        N/A       9%          2

Your spell library contained the following spells:

 Spells                   Type           Power      Damage    Failure   Level
 Lesser Beckoning         Tloc           22%        N/A       9%          2
 Slow                     Hex            24%        N/A       10%         1
 Cigotuvi's Dreadful Rot  Necr/Pois/Air  14%        N/A       13%         2
 Gell's Gravitas          Tloc           11%        N/A       19%         3
 Teleport Other           Tloc           11%        N/A       19%         3


Dungeon Overview and Level Annotations

Branches:
Dungeon (3/15)

Altars:
Cheibriados


Message History

You see here a jackal corpse.
A sleepcap comes into view.
There is an open gate here.
Casting: Magic Dart (safe; 3% risk of failure)
Confirm with . or Enter, or press ? or * to list all spells.
A tiny devil pulls itself out of the air.
The sleepcap closely misses your cerulean imp.
Your cerulean imp hits the sleepcap but does no damage.
There is an open gate here.
You hit the sleepcap.
The sleepcap is lightly damaged.
The sleepcap releases spores at you.
You are engulfed in a cloud of soporific spores!
You fall asleep.
Your cerulean imp hits the sleepcap with a -3 spear.
The sleepcap releases spores at you!
You wake up.
Your cerulean imp hits the sleepcap but does no damage.
The sleepcap releases spores at you.
Your cerulean imp hits the sleepcap but does no damage.
You hit the sleepcap but do no damage.
The sleepcap is lightly damaged.
The sleepcap closely misses you.
Your cerulean imp hits the sleepcap but does no damage.
You hit the sleepcap.
The sleepcap is moderately damaged.
The sleepcap releases spores at you but does no damage.
Your cerulean imp hits the sleepcap but does no damage.
You hit the sleepcap but do no damage.
The sleepcap is moderately damaged.
The sleepcap misses you.
Your cerulean imp hits the sleepcap but does no damage.
You hit the sleepcap but do no damage.
The sleepcap is moderately damaged.
The sleepcap releases spores at you.
You are engulfed in a cloud of soporific spores!
You fall asleep.
Your cerulean imp hits the sleepcap but does no damage.
The sleepcap releases spores at you!!
Ouch! That really hurt!
You die...

##..##.#.................#
...........#.###.♣.#####.#
##.###.##..#.# #♣♣♣#####.#
#. #.##..#.# ♣.♣ #(...#
... ......#.# ♣♣.♣♣#.####
# .......#.# ♣...♣#.#
....##..#.#♣♣...♣♣.#
###..##..#.#♣.....♣.##
#....... ♣.@f5.♣..# #
#..#.#♣♣'''♣♣.##
..........#†##
.#.#.###.##..#
...........†#
...#.###.##..# .#.
...##..# . .........#
...........#


You could see a sleepcap (ally target) and a friendly cerulean imp (summoned).

Vanquished Creatures
  An ogre (D:3)
  An orc priest (D:2)
  3 adders
  3 worms
  A dart slug (D:2)
  4 orcs
  5 ball pythons
  3 bats (D:1)
  5 endoplasms
  2 giant cockroaches
  8 goblins
  8 hobgoblins
  4 jackals (D:3)
  5 kobolds
  2 frilled lizards (D:1)
  6 rats
61 creatures vanquished.

Notes
Turn   | Place    | Note
-------+----------+-------------------------------------------
     0 | D:1      | pokeman the Deep Elf Hedge Wizard began the quest for the
                  | Orb.
     0 | D:1      | Reached XP level 1. HP: 10/10 MP: 7/7
   238 | D:1      | Reached XP level 2. HP: 15/15 MP: 6/9
   595 | D:1      | Found a faded altar of an unknown god.
  1122 | D:1      | Reached skill level 5 in Spellcasting
  1294 | D:2      | Reached XP level 3. HP: 20/20 MP: 2/11
  1298 | D:2      | Learned a level 3 spell: Mephitic Cloud
  1301 | D:2      | Learned a level 2 spell: Call Imp
  1304 | D:2      | Learned a level 2 spell: Blink
  1541 | D:2      | Found a snail-covered altar of Cheibriados.
  1575 | D:2      | Reached skill level 1 in Armour
  1648 | D:2      | Reached skill level 1 in Fighting
  1648 | D:2      | Reached XP level 4. HP: 15/25 MP: 6/13
  2656 | D:3      | Noticed an ogre
  2664 | D:3      | Killed an ogre
  2665 | D:3      | Reached skill level 6 in Spellcasting
  2665 | D:3      | Reached XP level 5. HP: 28/29 MP: 7/15
  3224 | D:3      | Slain by a sleepcap

Illustrated notes

Levels and vault maps discovered:
D:1:      onia_arrival_mini_maze_b, layout_rooms,
          hellmonk_ecumenical_altar_pennies_from_heaven, serial_aquarium,
          aquarium_bridge_straight [aquarium_subvault_bridge,
          aquarium_subvault_window, aquarium_subvault_bridge,
          aquarium_subvault_wall], aquarium_bridge_long_joined
          [aquarium_subvault_balcony, aquarium_subvault_wall,
          aquarium_subvault_bridge, aquarium_subvault_wall,
          aquarium_subvault_window, aquarium_subvault_bridge],
          aquarium_window_corner, aquarium_window_2, aquarium_window_1,
          aquarium_view_2d, aquarium_view_2d, aquarium_balcony_5a
D:2:      layout_loops_ring, basic_altar, minmay_fractal_squares_gapless_5
D:3:      layout_basic, hellmonk_no_cap

Skill      XL: |  1  2  3  4 |
---------------+-------------+-----
Spellcasting   | 5 6 |  6.4
Armour         | 1 |  1.1
Fighting       | 1 |  1.1
Conjurations   | 2 |  2.8
Dodging        | 3 |  3.1
Stealth        | 3 |  3.2
Summonings     | |  1.1
Translocations | |  1.1
Poison Magic   | |  0.4
Evocations     | |  0.2

Action                     |  1- 3 |  4- 6 || total
---------------------------+-------+-------++-------
  Melee: Dagger            |     6 |     4 ||    10
         Short sword       |       |    44 ||    44
         Punch             |       |     2 ||     2
   Cast: Magic Dart        |    74 |    61 ||   135
         Mephitic Cloud    |     1 |     4 ||     5
         Call Imp          |       |     1 ||     1
   Stab: Confused          |     1 |     2 ||     3
 Armour: Robe              |     9 |    27 ||    36
  Dodge: Dodged            |     7 |    27 ||    34

Table legend: (Time is in decaauts)
 A = Elapsed time spent in this place.
 B = Non-inter-level travel time spent in this place.
 C = Inter-level travel time spent in this place.
 D = Time resting spent in this place.
 E = Time spent auto-exploring this place.
 F = Levels seen in this place.
 G = Mean time per level.
                   A        B        C        D        E       F      G
               +--------+--------+--------+--------+--------+-----+--------+
         Total |   3223 |   3146 |     77 |      0 |   2821 |   3 | 1074.3 |
       Dungeon |   3223 |   3146 |     77 |      0 |   2821 |   3 | 1074.3 |
               +--------+--------+--------+--------+--------+-----+--------+

Top non-repeatable levels by time:
     D:1: 1248 daAuts
     D:2: 1196 daAuts
     D:3: 778 daAuts
